 Dungeon Crawl Stone Soup version 0.27-a0-887-gcab673c142 (webtiles) character file.

Game seed: 4308762583354098726

62 jestyr24 the Shield-Bearer (level 4, -5/37 HPs)
             Began as a Formicid Fighter on Apr 3, 2021.
             Was an Initiate of Ashenzari.
             Killed by divine providence
             ... invoked by an orc priest
              (12 damage)
             ... on level 3 of the Dungeon.
             The game lasted 00:09:57 (1364 turns).

jestyr24 the Shield-Bearer (Formicid Fighter)       Turns: 1364, Time: 00:09:57

Health: -5/37      AC:  8    Str: 22    XL:     4   Next: 28%
Magic:  4/4        EV:  8    Int:  7    God:    Ashenzari [......]
Gold:   114        SH:  9    Dex: 10    Spells: 3/3 levels left

rFire    . . .     SeeInvis +   a - +0 long sword
rCold    . . .     Faith    .   c - +0 kite shield "Gaze Upon Infinity" {Cun, Comp} (curse)
rNeg     . . .     Spirit   .   b - +0 scale mail
rPois    .         Reflect  .   (helmet unavailable)
rElec    .         Harm     .   (no cloak)
rCorr    .         Rampage  .   (no gloves)
Will     .....                  n - +0 pair of boots
Stlth    ..........             (no amulet)
HPRegen  0.12/turn              (no ring)
MPRegen  0.09/turn              (no ring)

@: no status effects
A: permanent stasis, dig shafts and tunnels, antennae 3, four strong arms
a: Dig, Shaft Self, Renounce Religion, Shatter the Chains


You were on level 3 of the Dungeon.
You worshipped Ashenzari.
Ashenzari was noncommittal.
You visited 1 branch of the dungeon, and saw 3 of its levels.

You collected 114 gold pieces.

Inventory:

Hand Weapons
 a - a +0 long sword (weapon)
 k - a +0 long sword
Missiles
 g - 8 boomerangs
Armour
 b - a +0 scale mail (worn)
 c - the cursed +0 kite shield "Gaze Upon Infinity" (worn) {Cun, Comp}

   It has a curse which improves the following skills: Cunning: Dodging and
   Stealth.
   Companions: Summonings and Necromancy.
 i - a +0 ring mail
 n - a +0 pair of boots (worn)
Jewellery
 h - a ring of see invisible
 j - a ring of protection from fire
Scrolls
 e - 2 scrolls of identify
 f - a scroll of enchant weapon
 l - a scroll of holy word
Potions
 d - a potion of might
 m - 2 potions of lignification


   Skills:
 + Level 3.7 Fighting
 + Level 2.8 Long Blades
 + Level 3.7 Armour
 + Level 0.4(0.6) Dodging
 + Level 4.3 Shields


You had 3 spell levels left.
You didn't know any spells.
Your spell library contained the following spells:

 Spells                   Type           Power      Damage    Failure   Level
 Confusing Touch          Hex            0%         N/A       100%        3
 Gell's Gravitas          Tloc           0%         N/A       100%        3
 Petrify                  Tmut/Erth      0%         N/A       100%        4
 Metabolic Englaciation   Hex/Ice        0%         N/A       100%        5
 Yara's Violent Unravell  Hex/Tmut       0%         3d3       100%        5


Dungeon Overview and Level Annotations

Branches:
Dungeon (3/15)

Altars:
Ashenzari
Wu Jian

Annotations:
D:3 Jessica


Innate Abilities, Weirdness & Mutations

You cannot be hasted, slowed, berserked, paralysed or teleported.
You can dig through walls and to a lower floor.
You have a pair of large antennae on your head. (SInv)
Your four strong arms can wield two-handed weapons with a shield.


Message History

Jessica blinks!
An orc priest comes into view. It is wielding a +0 club.
The orc priest casts a cantrip, but nothing happens.
Jessica gestures at you while chanting.
Your stasis prevents you from being slowed.
An orc comes into view. It is wielding a +0 whip.
The orc shouts!
The orc priest hits you with a +0 club.
You hit the orc priest.
The orc priest is moderately wounded.
The orc priest barely misses you.
You closely miss the orc priest.
The orc priest is moderately wounded.
The orc priest closely misses you.
You riposte.
You slash the orc priest!
The orc priest is almost dead.
Jessica gestures wildly while chanting.
Jessica seems to speed up.
You hit the orc priest.
The orc priest is almost dead.
The orc priest mumbles some strange prayers to Beogh against you.
Beogh smites you!
Jessica casts a spell.
Jessica blinks!
You barely miss the orc. The orc hits you with a +0 whip.
You closely miss the orc. You block the orc's attack.
The orc priest mumbles some strange prayers to Beogh against you.
Beogh smites you!
* * * LOW HITPOINT WARNING * * *
Jessica gestures wildly while chanting.
Jessica blinks!
You block the orc's attack.
You completely miss the orc. You block the orc's attack.
You completely miss the orc. The orc completely misses you.
The orc priest miscasts a cantrip.
The orc barely misses you.
You riposte.
Your shield prevents you from hitting the orc.
The orc throws a boomerang.
The boomerang hits you but does no damage.
The orc priest calls down the wrath of Beogh upon you.
Beogh smites you!
You die...

##########
.........## ##...##
###.....########.
#................
#.<..............
##....@@..##......
...........oo......
######...####..###.
#..##{ .# ..... #
#######


You could see an orc priest, Jessica (fast) and an orc.

Vanquished Creatures
  3 gnolls (D:2)
  A worm (D:2)
  2 ball pythons (D:1)
  2 endoplasms (D:2)
  2 giant cockroaches (D:2)
  A goblin (D:2)
  A hobgoblin (D:2)
  6 jackals
  3 quokkas (D:2)
  A frilled lizard (D:2)
  4 kobolds
  3 rats
29 creatures vanquished.

Notes
Turn   | Place    | Note
-------+----------+-------------------------------------------
     0 | D:1      | jestyr24 the Formicid Fighter began the quest for the Orb.
     0 | D:1      | Reached XP level 1. HP: 18/18 MP: 1/1
   211 | D:1      | Found a faded altar of an unknown god.
   226 | D:1      | Became a worshipper of Ashenzari the Shackled
   247 | D:1      | Reached XP level 2. HP: 24/24 MP: 2/2
   573 | D:2      | Reached skill level 4 in Shields
   573 | D:2      | Reached XP level 3. HP: 27/29 MP: 3/3
   767 | D:2      | Reached XP level 4. HP: 32/37 MP: 4/4
  1165 | D:2      | Found an ornate altar of the Wu Jian Council.
  1345 | D:3      | Noticed Jessica
  1364 | D:3      | Killed from afar by an orc priest

Illustrated notes

Levels and vault maps discovered:
D:1:      psy_arrival_terrarium, layout_basic, ebering_ecumenical_altar_ruins
D:2:      kennysheep_six_static_rooms, layout_rooms, basic_altar
D:3:      layout_loops_ring, elyvilon_altar_1, minmay_shallow_snake_nest,
          uniq_jessica, uniq_grinder

Skill      XL: |  1  2 |
---------------+-------+-----
Shields        | 4 |  4.3
Fighting       | |  3.7
Long Blades    | |  2.8
Armour         | |  3.7
Dodging        | |  0.4

Action                   |  1- 3 |  4- 6 || total
-------------------------+-------+-------++-------
Melee: Long sword        |    54 |    38 ||    92
Invok: Curse Item        |     1 |       ||     1
Armor: Scale mail        |    38 |     7 ||    45
Dodge: Dodged            |    19 |     9 ||    28
Block: Kite shield       |    40 |    20 ||    60
       Rpst.: Long sword |     7 |     3 ||    10

Table legend: (Time is in decaauts)
 A = Elapsed time spent in this place.
 B = Non-inter-level travel time spent in this place.
 C = Inter-level travel time spent in this place.
 D = Time resting spent in this place.
 E = Time spent auto-exploring this place.
 F = Levels seen in this place.
 G = Mean time per level.
                   A        B        C        D        E       F      G
               +--------+--------+--------+--------+--------+-----+--------+
         Total |   1404 |   1385 |     19 |    109 |    828 |   3 |  468.0 |
       Dungeon |   1404 |   1385 |     19 |    109 |    828 |   3 |  468.0 |
               +--------+--------+--------+--------+--------+-----+--------+

Top non-repeatable levels by time:
     D:2: 897 daAuts
     D:1: 479 daAuts
     D:3: 26 daAuts
